 Dungeon Crawl Stone Soup version 0.18.1-1-g2f07953 (webtiles) character file.

2167 M4edhros the Covert (level 9, -8/61 HPs)
             Began as an Octopode Artificer on May 7, 2016.
             Was an Initiate of Gozag.
             Engulfed by a cloud of freezing vapour (20 damage)
             ... on level 6 of the Dungeon.
             The game lasted 00:07:51 (5307 turns).

M4edhros the Covert (Octopode Artificer)            Turns: 5307, Time: 00:07:52

Health: -8/61      AC:  6    Str: 11    XL:     9   Next: 32%
Magic:  20/20      EV: 15    Int: 14    God:    Gozag
Gold:   687        SH:  0    Dex: 15    Spells: 0 memorised, 8 levels left

rFire  . . .     SeeInvis .     j - +2 short sword (protect)
rCold  . . .     Gourm    .     (no shield)
rNeg   + . .     Faith    .     (helmet restricted)
rPois  +         Spirit   .     E - amulet of regeneration
rElec  .         Dismiss  .     t - ring of stealth
rCorr  .         Reflect  .     v - ring of poison resistance
SustAt .         Harm     .     y - ring of positive energy
MR     .....                    z - ring of magical power
Stlth  ++++++++..               (no ring)
                                (no ring)
                                (no ring)
                                (no ring)

@: not resistant to hostile enchantments, extraordinarily stealthy
A: almost no armour, amphibious, 8 rings, constrict 8, camouflage 1, gelatinous
body 1
a: Potion Petition, Call Merchant, Bribe Branch, Renounce Religion


You were on level 6 of the Dungeon.
You worshipped Gozag.
Gozag was noncommittal.
You were not hungry.

You visited 2 branches of the dungeon, and saw 8 of its levels.

You collected 768 gold pieces.
You paid 81 gold pieces to Gozag.

Inventory:

Hand Weapons
 j - a +2 short sword of protection (weapon)
 G - a +4 quarterstaff of chaos
Missiles
 x - 7 javelins (quivered)
 B - 2 throwing nets
Jewellery
 n - an uncursed amulet of harm
 t - a ring of stealth (left tentacle)
 v - a ring of poison resistance (right tentacle)
 y - a ring of positive energy (on tentacle)
 z - a ring of magical power (on tentacle)
 E - an amulet of regeneration (around mantle)
Wands
 b - a wand of flame (0/48)
 c - a wand of enslavement (13/24)
 d - a wand of random effects (13/48)
 o - a wand of flame (31/48)
 r - a wand of iceblast (10/15)
Scrolls
 e - 3 scrolls of remove curse
 i - 10 scrolls of identify {unknown}
 k - 3 scrolls of noise {unknown}
 l - a scroll of fear {unknown}
 m - 3 scrolls of amnesia {unknown}
 q - 4 scrolls of teleportation {unknown}
 u - 2 scrolls of blinking {unknown}
 w - a scroll of immolation {unknown}
 C - 2 scrolls of enchant armour {unknown}
 F - a scroll of magic mapping {unknown}
Potions
 h - 4 potions of curing
 D - a potion of flight {unknown}
Comestibles
 f - 2 bread rations
 g - 2 royal jellies


   Skills:
 + Level 5.3 Fighting
 - Level 1.0 Short Blades
 + Level 5.5 Dodging
 - Level 13.0 Stealth
 - Level 3.2 Evocations


You had 8 spell levels left.
You didn't know any spells.

Dungeon Overview and Level Annotations

Branches:
Dungeon (7/15)             Temple (1/1) D:5

Altars:
Ashenzari
Cheibriados
Dithmenos
Elyvilon
Fedhas
Gozag
Kikubaaqudgha
Makhleb
Nemelex Xobeh
Okawaru
Pakellas
Qazlal
Sif Muna
Vehumet
Xom
Yredelemnul
Zin
The Shining One

Annotations:
D:6 M4edhros's ghost, novice OpAr


Innate Abilities, Weirdness & Mutations

You cannot wear most types of armour.
You are amphibious.
You can wear up to eight rings at the same time.
You can use your tentacles to constrict eight enemies at once.
Your skin changes colour to match your surroundings (Stealth).
Your rubbery body absorbs attacks (AC +1).


Message History

Read which item? (? for menu, Esc to quit)
As you read the scroll labeled YDUNANI AR SABB, it crumbles to dust.
It is a scroll of enchant weapon.
Enchant which weapon? (? for menu, Esc to quit)
Really abort (and waste the scroll)? [Y]es or [N]o only, please.
Really abort (and waste the scroll)?
Okay, then.
You are engulfed in freezing vapours.
Drink which item? (? for menu, Esc to quit)
You feel much better.
You are engulfed in freezing vapours.
Read which item? (? for menu, Esc to quit)
As you read the scroll labeled SAIDOAZ LAOJUQIJE, it crumbles to dust.
You feel blessed for a moment.
It was a scroll of remove curse.
You are engulfed in freezing vapours.
* * * LOW HITPOINT WARNING * * *
Drink which item? (? for menu, Esc to quit)
You feel better.
You are engulfed in freezing vapours.
You die...
Your body crumbles into a pile of gold.

...# ..# .......... $ [.#
......... )## .........
#####.. .........
#.....####....o.(# ..# ..
........######.
#..##..#################
##.# .##.§§§§§§§@§§§§§§§
##....##.###############
$
.###...#.§§§§§§§§§§§§§§%$
.....#.#################
#..###...####....###....
.....#.#.#.#.#.#.#.#.#..
.###...).............. #
.# #.#.#.#[#.#.#.#.#.#.#
.# #..................#


You could see an orc (sleeping).

Vanquished Creatures
  Pikel (D:7)
  Grinder (D:5)
  The ghost of M4edhros the Covert, an amateur OpAr of Gozag (D:3)
  A slave (D:7)
  A black bear (D:6)
  3 centaurs
  2 giant frogs (D:7)
  A gnoll sergeant (D:6)
  A water moccasin zombie (D:7)
  A scorpion (D:4)
  A crimson imp (D:5)
  5 orc priests
  Crazy Yiuf (D:2)
  4 orc wizards
  A giant frog skeleton (D:7)
  A centaur skeleton (D:6)
  An iguana (D:5)
  6 worker ants
  A hound skeleton (D:5)
  11 gnolls
  5 adders
  3 oozes
  3 worms
  A dart slug (D:2)
  6 giant geckos
  14 orcs
  3 giant cockroaches
  6 goblins
  10 hobgoblins
  2 jackals (D:1)
  4 quokkas
  A ball python (D:3)
  A ball python skeleton (D:4)
  4 bats
  5 giant newts
  A jackal skeleton (D:6)
  7 kobolds
  6 rats
127 creatures vanquished.

Vanquished Creatures (others)
  A gnoll (D:7)
  An adder (D:3)
2 creatures vanquished.

Grand Total: 129 creatures vanquished

Notes
Turn   | Place    | Note
--------------------------------------------------------------
     0 | D:1      | M4edhros the Octopode Artificer began the quest for the Orb.
     0 | D:1      | Reached XP level 1. HP: 13/13 MP: 3/3
    43 | D:1      | Reached skill level 2 in Stealth
   301 | D:1      | Reached XP level 2. HP: 18/18 MP: 4/4
   304 | D:1      | Reached skill level 3 in Stealth
   727 | D:1      | Reached skill level 4 in Stealth
   727 | D:1      | Reached XP level 3. HP: 23/23 MP: 5/5
  1024 | D:2      | Reached skill level 5 in Stealth
  1249 | D:2      | Reached XP level 4. HP: 28/28 MP: 6/6
  1657 | D:4      | Found a sparkling altar of Nemelex Xobeh.
  1673 | D:4      | Reached skill level 6 in Stealth
  1727 | D:4      | Reached XP level 5. HP: 33/33 MP: 7/7
  1746 | D:4      | Found a shimmering altar of Xom.
  1756 | D:4      | Reached skill level 7 in Stealth
  1807 | D:4      | Reached skill level 8 in Stealth
  1853 | D:4      | Reached XP level 6. HP: 28/38 MP: 8/8
  2164 | D:4      | Reached skill level 9 in Stealth
  2308 | D:5      | Entered Level 5 of the Dungeon
  2405 | D:5      | Reached skill level 10 in Stealth
  2405 | D:5      | Reached XP level 7. HP: 43/43 MP: 9/9
  2464 | D:5      | Found a staircase to the Ecumenical Temple.
  2592 | Temple   | Entered the Ecumenical Temple
  2759 | Temple   | Became a worshipper of Gozag Ym Sagoz the Greedy
  3120 | D:5      | Noticed Grinder
  3136 | D:5      | Killed Grinder
  3136 | D:5      | Reached skill level 11 in Stealth
  3294 | D:3      | Found an iron altar of Okawaru.
  3311 | D:3      | Noticed M4edhros's ghost (amateur OpAr)
  3313 | D:3      | Reached skill level 12 in Stealth
  3326 | D:3      | Killed M4edhros's ghost
  3326 | D:3      | Reached XP level 8. HP: 28/48 MP: 10/10
  3364 | D:3      | Found a radiant altar of Vehumet.
  3408 | D:3      | Found a white marble altar of Elyvilon.
  3515 | D:3      | Found a glowing golden altar of the Shining One.
  4223 | D:2      | Noticed Crazy Yiuf
  4232 | D:2      | Killed Crazy Yiuf
  4232 | D:2      | Reached skill level 13 in Stealth
  4472 | D:6      | Noticed M4edhros's ghost (novice OpAr)
  4476 | D:7      | Noticed Pikel
  4513 | D:7      | Killed Pikel
  4680 | D:7      | Reached XP level 9. HP: 45/58 MP: 11/11
  4825 | D:7      | Reached skill level 5 in Dodging
  4849 | D:7      | Found a shattered altar of Ashenzari.
  4886 | D:7      | Found a stormy altar of Qazlal.
  4949 | D:7      | Reached skill level 5 in Fighting
  5304 | D:6      | lol, cant believe it.... i just fell into fuckin freezing clouds
  5307 | D:6      | Engulfed by a cloud of freezing vapour

Skill      XL: |  1  2  3  4  5  6  7  8  9 |
---------------+----------------------------+-----
Stealth        | 2 4 5 6 8 10 12 13 | 13.0
Fighting       | 4 5 |  5.3
Dodging        | 4 5 |  5.5
Short Blades   | |  1.0
Evocations     | |  3.2

Action                   |  1- 3 |  4- 6 |  7- 9 || total
-------------------------+-------+-------+-------++-------
Melee: Short sword       |    62 |    70 |   154 ||   286
       Constrict         |    14 |    15 |    35 ||    64
       Tentacles         |    10 |    15 |    35 ||    60
Evoke: Wand              |       |       |    19 ||    19
  Use: Potion            |       |       |     6 ||     6
       Scroll            |       |       |     2 ||     2
 Stab: Sleeping          |     7 |     9 |    21 ||    37
       Distracted        |     1 |       |     3 ||     4
  Eat: Chunk             |       |     4 |     1 ||     5
       Bread ration      |       |       |     1 ||     1
       Fruit             |       |       |     3 ||     3
       Royal jelly       |       |       |     1 ||     1
Armor: Skin              |     2 |    18 |    33 ||    53
Dodge: Dodged            |    37 |    30 |    88 ||   155
